 Dungeon Crawl Stone Soup version 0.30.1-3-gfc49f6343a (webtiles) character file.

Game seed: 352286395950591451

445 cdecastro the Cudgeller (level 6, -1/51 HPs)
             Began as an Armataur Warper on Aug 1, 2023.
             Succumbed to an orc wizard's poison
             ... on level 3 of the Dungeon.
             The game lasted 00:06:37 (3385 turns).

cdecastro the Cudgeller (Armataur Warper)           Turns: 3385, Time: 00:06:38

Health: -1/51      AC:  7    Str: 18    XL:     6   Next: 72%
Magic:  17/17      EV:  8    Int: 13    God:
Gold:   171        SH:  0    Dex: 13    Spells: 8/8 levels left

rFire   . . .        a - +0 mace
rCold   + . .        (no shield)
rNeg    . . .        m - +1 ring mail of Jaebroni {rC+ rCorr Dex+3}
rPois   .            i - +0 helmet
rElec   .            (no cloak)
rCorr   +            (no gloves)
SInv    .            (no barding)
Will    .....        (no amulet)
Stlth   +            l - ring of magical power
HPRegen 0.28/turn    (no ring)
MPRegen 0.15/turn

%: roll
@: lethally poisoned (-1 -> -9), attractive
A: large, rugged brown scales 3, deformed body, armoured tail, roll, long
tongue, awkward tongue
a: no special abilities


You were on level 3 of the Dungeon.
You visited 1 branch of the dungeon, and saw 4 of its levels.

You collected 171 gold pieces.

Inventory:

Hand Weapons
 a - a +0 mace (weapon)
Missiles
 d - 7 boomerangs of dispersal (quivered)
 n - 12 poisoned darts
 r - 6 boomerangs
Armour
 h - a +0 scale mail
 i - a +0 helmet (worn)
 m - the +1 ring mail of Jaebroni (worn) {rC+ rCorr Dex+3}
   (You found it on level 2 of the Dungeon)

   Dex:       It affects your dexterity (+3).
   rC:        It protects you from cold.
   rCorr:     It protects you from acid and corrosion.
Jewellery
 l - a ring of magical power (left hand)
Wands
 j - a wand of mindburst (12)
Scrolls
 b - a scroll of immolation {unknown}
 c - 2 scrolls of blinking
 e - 2 scrolls of noise
 f - 3 scrolls of identify
 k - a scroll of vulnerability {unknown}
 q - a scroll of enchant armour {unknown}
 s - 2 scrolls of teleportation {unknown}
 t - a scroll of poison {unknown}
Potions
 u - a potion of brilliance {unknown}


   Skills:
 - Level 1.7 Fighting
 + Level 6.7 Maces & Flails
 - Level 0.8 Throwing
 - Level 1.2 Armour
 - Level 1.3 Dodging
 - Level 1.7 Spellcasting
 - Level 3.0 Translocations


You had 8 spell levels left.
You didn't know any spells.
Your spell library contained the following spells:

 Spells                   Type           Power      Damage    Failure   Level
 Blink                    Tloc           16%        N/A       21%         2
 Lesser Beckoning         Tloc           16%        N/A       21%         2
 Teleport Other           Tloc           8%         N/A       38%         3
 Summon Small Mammal      Summ           4%         N/A       43%         1
 Vhi's Electric Charge    Tloc/Air       10%        N/A       58%         3
 Call Canine Familiar     Summ           1%         N/A       80%         3
 Ozocubu's Armour         Ice            1%         N/A       80%         3
 Summon Guardian Golem    Hex/Summ       1%         N/A       80%         3
 Manifold Assault         Tloc           8%         N/A       80%         4
 Metabolic Englaciation   Hex/Ice        0%         N/A       100%        5
 Simulacrum               Ice/Necr       0%         N/A       100%        6


Dungeon Overview and Level Annotations

Branches:
Dungeon (4/15)
 Temple: D:4-7

Altars:

Shops:
D:2 =

Annotations:
D:4 Natasha


Innate Abilities, Weirdness & Mutations

You are completely covered in rugged brown scales. (AC +3, +7% HP)
Armour fits poorly on your strangely shaped body.
You have a long armoured tail.
You roll when moving toward enemies. (Rampage)
Your long tongue fully drains potion bottles. (2x potion effects)
Your tongue gives you trouble enunciating. (1.5x scroll delay)


Message History

You are more confused.
Unknown command.
You bump into the rock wall.
You feel sick. Something hits you but does no damage.
You are more poisoned.
Unknown command.
You miss something.
* * * LOW HITPOINT WARNING * * *
You feel very sick. Something hits you but does no damage.
Unknown command.
You're too confused to move!
* * * LOW HITPOINT WARNING * * *
You feel sick. Something hits you.
* * * LOW HITPOINT WARNING * * *
Unknown command.
You feel better.
You slurp down every last drop of the potion of curing!
Something hits you but does no damage.
You are poisoned.
You closely miss something.
You feel sick.
You hear some strange, mumbled words.
A puff of flame appears from out of thin air!
The puff of flame hits you!
* * * LOW HITPOINT WARNING * * *
Unknown command.
You closely miss something.
Your tail-slap misses something.
You feel sick. Something hits you but does no damage.
You are more poisoned.
Unknown command.
You miss something.
Your tail-slap misses something.
You feel sick.
You hear some strange, mumbled words.
A magic dart appears from out of thin air!
The magic dart hits you!
* * * LOW HITPOINT WARNING * * *
Unknown command.
It was a potion of attraction.
You feel attractive to monsters.
You slurp down every last drop of the potion of attraction!
You die...

##### #.# #.# #.# #.###.##.
..†.# #.# #.# #.# #.#.).##.
###.# #.# #.###.# #.#.####.
##..## #.# #<##..# #.#)####.
##...###.# #.##.## #.#......
#.#....###
#.##.########.#..#### #..P..P#
#.##.#...........# #.#..P##
#.##)#......#.#..# ##...##
#.##@#...........#
#.#.#.#######.##{#......(....#
#######......)...#.......#####
.# #.#####...........##
.######.##########.#...##
.................>.#####
.######.##########.# .# #.#
#.# ##### #.# ##.#


There were no monsters in sight!

Vanquished Creatures
  Sigmund (D:3)
  2 hounds (D:3)
  Natasha (D:4)
  3 orc wizards (D:3)
  5 adders
  2 worms
  2 dart slugs
  3 orcs (D:3)
  2 bats (D:2)
  6 endoplasms
  A giant cockroach (D:2)
  10 hobgoblins
  5 jackals (D:2)
  4 quokkas
  10 ball pythons
  6 frilled lizards
  3 goblins
  10 rats
76 creatures vanquished.

Notes
Turn   | Place    | Note
-------+----------+-------------------------------------------
     0 | D:1      | cdecastro the Armataur Warper began the quest for the Orb.
     0 | D:1      | Reached XP level 1. HP: 18/18 MP: 3/3
   162 | D:1      | Reached skill level 2 in Maces & Flails
   342 | D:1      | Reached XP level 2. HP: 20/25 MP: 4/4
  1014 | D:2      | Reached skill level 3 in Maces & Flails
  1212 | D:2      | Found Viobb's Jewellery Emporium.
  1253 | D:2      | Reached XP level 3. HP: 31/31 MP: 5/5
  1505 | D:2      | Identified the +1 ring mail of Jaebroni {rC+ rCorr Dex+3}
  2091 | D:3      | Reached skill level 4 in Maces & Flails
  2091 | D:3      | Reached XP level 4. HP: 27/38 MP: 6/6
  2390 | D:3      | Noticed Sigmund
  2604 | D:3      | Reached XP level 5. HP: 37/43 MP: 7/7
  2829 | D:3      | Reached skill level 5 in Maces & Flails
  2862 | D:3      | Killed Sigmund
  2863 | D:3      | Reached skill level 6 in Maces & Flails
  2863 | D:3      | Reached XP level 6. HP: 42/51 MP: 8/8
  3044 | D:4      | Noticed Natasha
  3147 | D:4      | Killed Natasha
  3171 | D:4      | Noticed Natasha
  3384 | D:3      | HP: 2/51 [something/magic dart (9)]
  3385 | D:3      | Succumbed to an orc wizard's poison

Illustrated notes

Levels and vault maps discovered:
D:1:      psy_arrival_basics, layout_loops_ring, nicolae_figureground_sparkle
D:2:      minmay_evil_eye, layout_basic, serial_shops, shop_statue
D:3:      layout_loops_ring, minmay_shallow_snake_nest, uniq_sigmund
D:4:      layout_rooms, kennysheep_mini, serial_shops, shop_statue,
          nicolae_zen_rock_garden, uniq_blork_the_orc, uniq_natasha

Skill      XL: |  1  2  3  4  5 |
---------------+----------------+-----
Maces & Flails | 2 3 4 6 |  6.7
Fighting       | |  1.7
Throwing       | |  0.8
Armour         | |  1.2
Dodging        | |  1.3
Spellcasting   | |  1.7
Translocations | |  3.0

Action                     |  1- 3 |  4- 6 || total
---------------------------+-------+-------++-------
  Melee: Mace              |   123 |   136 ||   259
         Tailslap          |    10 |    13 ||    23
         Punch             |     2 |       ||     2
    Use: Potion            |       |     5 ||     5
         Scroll            |       |     2 ||     2
 Armour: Leather armour    |    10 |       ||    10
         Scale mail        |    37 |       ||    37
         Ring mail         |    13 |    71 ||    84
  Dodge: Dodged            |    41 |    44 ||    85
